 Dungeon Crawl Stone Soup version 0.28-a0-1447-ga5a8893891 (webtiles) character file.

Game seed: 12536793951723803929

12556 porpoise the Grappler (level 11, -2/89 HPs)
             Began as a Demonspawn Gladiator on Jan 11, 2022.
             Was a Priest of Nemelex Xobeh.
             Slain by a komodo dragon (23 damage)
             ... on level 1 of the Lair of Beasts.
             The game lasted 00:56:55 (15280 turns).

porpoise the Grappler (Demonspawn Gladiator)       Turns: 15280, Time: 00:56:56

Health: -2/89      AC:  8    Str: 16    XL:     11   Next: 64%
Magic:  15/15      EV: 18    Int: 15    God:    Nemelex Xobeh [***...]
Gold:   850        SH:  0    Dex: 15    Spells: 14/16 levels left

rFire   . . .      SeeInvis .     - Unarmed
rCold   . . .      Faith    .   (no shield)
rNeg    + . .      Spirit   .   v - +2 robe {rN+}
rPois   +          Reflect  .   N - +0 helmet {Int+3}
rElec   .          Harm     .   (no cloak)
rCorr   .          Rampage  .   (no gloves)
Will    +....                   (no boots)
Stlth   +.........              u - amulet of the acrobat
HPRegen 0.24/turn               y - ring of Gougucw {rPois Will+ Slay+3}
MPRegen 0.14/turn               n - +4 ring of evasion

@: no status effects
A: claws 1, slimy green scales 2, foul stench 2, demonic magic 1, fangs 1
a: Renounce Religion, Draw Escape, Draw Destruction, Draw Summoning, Triple Draw


You were on level 1 of the Lair of Beasts.
You worshipped Nemelex Xobeh.
Nemelex Xobeh was most pleased with you.
You visited 3 branches of the dungeon, and saw 12 of its levels.
You also visited: Ossuary.

You collected 850 gold pieces.

Inventory:

Hand Weapons
 a - the +9 whip of Midwinter {drain, rN++ Int+6 Dex+2}
   (You found it on level 6 of the Dungeon)

   A truly terrible weapon, it drains the life of any living foe it strikes.
   Int:       It affects your intelligence (+6).
   Dex:       It affects your dexterity (+2).
   rN:        It greatly protects you from negative energy.
 b - a +4 hunting sling
 c - a +0 trident
 E - the +1 mace of Breach {vorpal, Fragile +Blink rF+}
   (You found it on level 7 of the Dungeon)

   It inflicts extra damage upon your enemies.
   rF:        It protects you from fire.
   +Blink:    It lets you blink.
   Fragile:   It will be destroyed if unequipped.
 L - a +3 shortbow
Missiles
 d - a throwing net
 e - 289 stones
 p - 81 sling bullets
 q - 169 arrows
 r - 63 bolts
 s - 10 boomerangs (quivered)
 w - 20 poisoned darts
 O - 9 curare-tipped darts
Armour
 i - a +0 ring mail
 o - a +2 chain mail of cold resistance
 v - a +2 robe of positive energy (worn)
 D - a +0 leather armour of cold resistance
 N - a +0 helmet of intelligence (worn)
Magical Staves
 k - a staff of poison
 M - a staff of conjuration
Jewellery
 f - a ring of wizardry
 l - a +4 ring of protection
 n - a +4 ring of evasion (right claw)
 u - an amulet of the acrobat (around neck)
 y - the ring of Gougucw (left claw) {rPois Will+ Slay+3}
   (You acquired it on level 6 of the Dungeon)

   [ring of poison resistance]

   Slay:      It affects your accuracy & damage with ranged weapons and melee
   (+3).
   rPois:     It protects you from poison.
   Will:      It increases your willpower.
 K - a ring of willpower
Wands
 j - a wand of flame (27)
 A - a wand of mindburst (7)
 B - a wand of acid (11)
 G - a wand of iceblast (5)
Scrolls
 g - a scroll of teleportation
Potions
 m - 8 potions of curing
 t - 2 potions of haste
 x - 2 potions of flight
 z - a potion of cancellation
 C - a potion of magic {unknown}
 F - 2 potions of brilliance
 I - a potion of heal wounds
 J - a potion of attraction
Miscellaneous
 h - a phantom mirror


   Skills:
 - Level 9.0 Fighting
 - Level 2.0 Maces & Flails
 - Level 6.0 Polearms
 - Level 1.7 Throwing
 - Level 7.0 Armour
 * Level 5.3 Dodging
 - Level 9.0 Unarmed Combat
 - Level 3.0 Spellcasting
 + Level 1.1 Conjurations
 + Level 5.3 Invocations
 - Level 5.0 Evocations


You had 14 spell levels left.
You knew the following spells:

 Your Spells              Type           Power      Damage    Failure   Level
b - Searing Ray           Conj           10%        2d4       19%         2

Your spell library contained the following spells:

 Spells                   Type           Power      Damage    Failure   Level
 Magic Dart               Conj           20%        1d4       12%         1
 Foxfire                  Conj/Fire      16%        2x1d4     16%         1
 Apportation              Tloc           4%         N/A       21%         1
 Pain                     Necr           8%         1d4       21%         1
 Static Discharge         Conj/Air       4%         N/A       24%         2
 Conjure Flame            Conj/Fire      4%         6-21      43%         3
 Inner Flame              Hex/Fire       2%         N/A       52%         3
 Flame Wave               Conj/Fire      4%         2d4       83%         4
 Fulminant Prism          Conj/Hex       2%         3d6       83%         4
 Sticky Flame             Conj/Fire      4%         2d3       83%         4
 Dispel Undead            Necr           2%         3d7       89%         4
 Leda's Liquefaction      Hex/Erth       1%         N/A       89%         4
 Summon Ice Beast         Ice/Summ       2%         N/A       89%         4
 Agony                    Necr           2%         N/A       99%         5
 Alistair's Intoxication  Tmut/Pois      1%         N/A       99%         5
 Excruciating Wounds      Necr           1%         N/A       99%         5
 Lee's Rapid Deconstruct  Erth           1%         3d5*      99%         5
 Summon Mana Viper        Hex/Summ       2%         N/A       99%         5
 Statue Form              Tmut/Erth      1%         N/A       100%        6
 Monstrous Menagerie      Summ           1%         N/A       100%        7


Dungeon Overview and Level Annotations

Branches:
Dungeon (10/15)            Temple (1/1) D:5            Lair (1/6) D:10
Ossuary (visited)
    Orc: D:9-12

Altars:
Ashenzari
Cheibriados
Dithmenos
Elyvilon
Fedhas
Gozag
Hepliaklqana
Kikubaaqudgha
Makhleb
Nemelex Xobeh
Okawaru
Qazlal
Ru
Sif Muna
Trog
Uskayaw
Vehumet
Wu Jian
Xom
Yredelemnul
Zin
The Shining One

Annotations:
D:9 3 runed translucent doors, dolemite99's ghost, journeyman MiFi


Innate Abilities, Weirdness & Mutations

You have sharp fingernails.
You are mostly covered in slimy green scales. (AC +3)
You sometimes emit foul miasma when damaged in melee.
Spells you cast may paralyse adjacent enemies.
You have very sharp teeth.


Message History

The cane toad closely misses you.
You closely miss the cane toad.
The cane toad is severely wounded.
You feel sick. The cane toad closely misses you.
You claw the cane toad!
The cane toad is almost dead.
You feel sick. The cane toad closely misses you.
You claw the cane toad!
You kill the cane toad!
You feel sick.
The komodo dragon completely misses you.
Your Conjurations skill increases to level 1!
You scratch the komodo dragon.
The komodo dragon is lightly wounded.
You feel sick.
You scratch the komodo dragon.
You bite the komodo dragon, but do no damage.
The komodo dragon is lightly wounded.
You feel sick. The komodo dragon bites you!!
You are too injured to fight recklessly!
You claw the komodo dragon!
The komodo dragon is heavily wounded.
You feel sick. The komodo dragon barely misses you.
You scratch the komodo dragon.
The komodo dragon is heavily wounded.
You feel sick. The komodo dragon misses you.
You claw the komodo dragon!
The komodo dragon is severely wounded.
You feel sick. The komodo dragon barely misses you.
You scratch the komodo dragon.
The komodo dragon is severely wounded.
You feel sick.
You are no longer poisoned.
The komodo dragon bites you!
* * * LOW HITPOINT WARNING * * *
You scratch the komodo dragon but do no damage.
The komodo dragon is severely wounded.
The komodo dragon bites you!!
You die...
Your body disappears without a glow.

#.............
#.............
#.............
#............
#............
#............
#............
#....<.......
#...@........
#....l..$....
#............
#............
#............
#............
#.....[.....#
#...........


You could see a komodo dragon.

Vanquished Creatures
  Josephine (D:10)
  A hydra (D:8)
  2 two-headed ogres
  Pikel (D:5)
  2 cyclopes (D:8)
  An ugly thing (D:10)
  A manticore (D:8)
  A centaur zombie (D:5)
  A cane toad (Lair:1)
  A komodo dragon (D:8)
  A troll (D:9)
  2 slime creatures (D:8)
  3 wraiths
  Sigmund (D:3)
  12 yaks
  A wyvern (D:8)
  Edmund (D:4)
  A steam dragon (D:8)
  2 wargs (D:10)
  A water moccasin (D:8)
  A hornet zombie (D:5)
  2 orc warriors
  An ice beast (D:5)
  3 sky beasts
  2 black bears
  3 necrophages
  2 ogres (D:6)
  5 centaurs
  A scorpion (D:5)
  A bullfrog (D:7)
  A water moccasin zombie (D:5)
  A wyvern zombie (D:8)
  A killer bee (D:8)
  9 wights
  An electric eel (D:8)
  2 bullfrog zombies
  3 hounds
  5 orc priests
  A bullfrog skeleton (D:4)
  An iguana (D:4)
  Ijyb (D:4)
  12 orc wizards
  A scorpion zombie (D:3)
  A killer bee zombie (D:8)
  4 howler monkey zombies
  8 mummies (Ossuary)
  3 adders
  2 white imps
  An ufetubus (D:4)
  An adder skeleton (D:4)
  2 worms (D:2)
  2 dart slugs
  33 orcs
  12 endoplasms
  3 giant cockroaches
  10 goblins
  5 hobgoblins
  4 jackals (D:1)
  11 kobolds
  A quokka (D:3)
  5 ball pythons
  5 bats
  5 frilled lizards
  3 gnoll zombies (Ossuary)
  2 hobgoblin zombies (Ossuary)
  3 kobold zombies (Ossuary)
  7 rats
230 creatures vanquished.

Vanquished Creatures (collateral kills)
  A wraith (D:10)
  An orc (D:8)
2 creatures vanquished.

Vanquished Creatures (others)
  7 plants
7 creatures vanquished.

Grand Total: 239 creatures vanquished

Notes
Turn   | Place    | Note
-------+----------+-------------------------------------------
     0 | D:1      | porpoise the Demonspawn Gladiator began the quest for the
                  | Orb.
     0 | D:1      | Reached XP level 1. HP: 16/16 MP: 1/1
   361 | D:1      | Gained mutation: You have sharp fingernails. [demonic
                  | ancestry]
   361 | D:1      | Reached XP level 2. HP: 23/23 MP: 2/2
  1301 | D:2      | Reached XP level 3. HP: 28/28 MP: 3/3
  2613 | D:3      | Reached skill level 1 in Unarmed Combat
  2613 | D:3      | Gained mutation: You may rarely emit foul miasma when
                  | damaged in melee. [demonic ancestry]
  2613 | D:3      | Reached XP level 4. HP: 28/35 MP: 4/4
  3002 | D:3      | Noticed Sigmund
  3188 | D:4      | Noticed Edmund
  3199 | D:4      | Killed Edmund
  3200 | D:4      | Gained mutation: You are partially covered in slimy green
                  | scales. (AC +2) [demonic ancestry]
  3200 | D:4      | Reached XP level 5. HP: 32/42 MP: 5/5
  3286 | D:4      | Gained mutation: You have very sharp teeth. [potion of
                  | mutation]
  3289 | D:4      | Reached XP level 6. HP: 36/49 MP: 6/6
  3610 | D:4      | Noticed Ijyb
  3633 | D:4      | Killed Ijyb
  3890 | D:4      | Reached skill level 5 in Polearms
  3953 | D:4      | Reached skill level 5 in Fighting
  4020 | D:4      | You fall into a shaft and drop 2 floors!
  4041 | D:6      | Gained mutation: You sometimes emit foul miasma when
                  | damaged in melee. [demonic ancestry]
  4041 | D:6      | Reached XP level 7. HP: 56/56 MP: 7/7
  4173 | D:6      | Noticed Pikel
  4181 | D:5      | Entered Level 5 of the Dungeon
  4198 | D:5      | Killed Pikel
  4286 | D:5      | Gained mutation: You are mostly covered in slimy green
                  | scales. (AC +3) [demonic ancestry]
  4286 | D:5      | Reached XP level 8. HP: 12/64 MP: 8/8
  4821 | D:5      | Reached skill level 1 in Armour
  5000 | D:4      | Reached skill level 5 in Unarmed Combat
  5298 | D:4      | Found an opulent altar of Gozag.
  5525 | D:3      | Killed Sigmund
  6251 | D:5      | Found a staircase to the Ecumenical Temple.
  6258 | Temple   | Entered the Ecumenical Temple
  6268 | Temple   | Became a worshipper of Nemelex Xobeh the Trickster
  6487 | D:5      | Reached XP level 9. HP: 72/72 MP: 9/9
  6987 | D:6      | Reached skill level 1 in Invocations
  7165 | D:6      | Identified the +9 whip of Midwinter {drain, rN++ Int+6
                  | Dex+2}
  7247 | D:6      | Identified a scroll of acquirement
  7247 | D:6      | Acquired the ring of Gougucw {rPois Will+ Slay+3}
  7261 | D:6      | Reached skill level 1 in Maces & Flails
  7544 | D:6      | Reached * piety under Nemelex Xobeh
  7978 | D:7      | Received a gift from Nemelex Xobeh
  8205 | D:7      | Identified the +1 mace of Breach {vorpal, Fragile +Blink
                  | rF+}
  8979 | D:8      | Found a sand-covered staircase.
  8985 | Ossuary  | Entered an ossuary
  9299 | Ossuary  | Reached skill level 5 in Armour
  9864 | D:8      | Reached skill level 5 in Invocations
  9864 | D:8      | Reached XP level 10. HP: 78/79 MP: 13/13
  9886 | D:8      | Reached ** piety under Nemelex Xobeh
 10089 | D:8      | Noticed a two-headed ogre
 10099 | D:8      | Killed a two-headed ogre
 10100 | D:8      | Reached skill level 1 in Evocations
 10589 | D:8      | Noticed an eight-headed hydra
 10594 | D:8      | Killed an eight-headed hydra
 10711 | D:8      | Reached skill level 5 in Dodging
 10829 | D:8      | Found a shimmering blue altar of Sif Muna.
 11468 | D:8      | Noticed a manticore
 11475 | D:8      | Noticed a cyclops
 11484 | D:8      | Killed a manticore
 11485 | D:8      | Reached skill level 1 in Spellcasting
 11485 | D:8      | Killed a cyclops
 11517 | D:8      | Noticed a cyclops
 11527 | D:8      | Killed a cyclops
 11528 | D:8      | Gained mutation: Spells you cast may paralyse adjacent
                  | enemies. [demonic ancestry]
 11528 | D:8      | Reached XP level 11. HP: 60/85 MP: 14/14
 11637 | D:8      | Learned a level 2 spell: Searing Ray
 12131 | D:9      | Found a runed translucent gate.
 12136 | D:9      | Found a runed translucent gate.
 12137 | D:9      | Found a runed translucent gate.
 12160 | D:9      | Noticed dolemite99's ghost (journeyman MiFi)
 12161 | D:9      | Noticed an 11-headed hydra
 12465 | D:9      | Found a sacrificial altar of Ru.
 13038 | D:10     | Entered Level 10 of the Dungeon
 13238 | D:10     | Identified the +0 robe "Foddosiant" {*Corrode Str+4 SInv}
 13322 | D:10     | Noticed a white ugly thing
 13335 | D:10     | Killed a white ugly thing
 13990 | D:10     | Received a gift from Nemelex Xobeh
 14093 | D:10     | Found a staircase to the Lair.
 14178 | D:10     | Reached *** piety under Nemelex Xobeh
 14515 | D:10     | Noticed Josephine
 15044 | D:10     | Noticed a two-headed ogre
 15045 | D:10     | Killed a two-headed ogre
 15090 | D:10     | Killed Josephine
 15091 | D:10     | Reached skill level 5 in Evocations
 15264 | Lair:1   | Entered Level 1 of the Lair of Beasts
 15274 | Lair:1   | Reached skill level 1 in Conjurations
 15280 | Lair:1   | Slain by a komodo dragon

Illustrated notes

Levels and vault maps discovered:
D:1:      ncdulo_smallfort, layout_loops_ring
D:2:      layout_loops_corners
D:3:      layout_loops_corners, st_stairs_11, nicolae_elevator_lobby_asterisk,
          uniq_sigmund
D:4:      layout_basic, grunt_gozag_breadcrumbs, minmay_misc_feat_square,
          minmay_fractal_squares_gapless_5, uniq_edmund, uniq_ijyb
D:5:      layout_loops_ring, temple_green, kennysheep_nub
D:6:      layout_rooms, uniq_pikel
D:7:      layout_loops_ring
D:8:      nzn_winding_woodlands_medium [nzn_winding_woodlands_5x5_perimeter,
          nzn_winding_woodlands_5x15_longhouse,
          nzn_winding_woodlands_5x5_open_star, nzn_winding_woodlands_5x5_three,
          nzn_winding_woodlands_center_lodge, nzn_winding_woodlands_hourglass,
          nzn_winding_woodlands_5x5_closed_star,
          nzn_winding_woodlands_5x15_garden, nzn_winding_woodlands_5x5_default],
          layout_rooms, nicolae_overflow_squiral, nicolae_ossuary_entry_plus
D:9:      nicolae_cairo_tiling_large_dashed, layout_irregular_city,
          nicolae_ru_the_path_less_chosen, gammafunk_ghost_hydra_chop,
          chequers_mini_garden, minmay_misc_feat_tower
D:10:     layout_basic, erik_lair_orcish_takeover, minmay_misc_feat_iff,
          uniq_josephine
Temple:   nicolae_temple_no_exploring_needed
Lair:1:   gammafunk_boulding_lane, layout_gridlike, serial_bayou,
          serial_bayou_pond_b, serial_bayou_pond_d, serial_bayou_pond_b,
          serial_bayou_pond_b, gammafunk_ghost_icy,
          nicolae_volcano_entry_hallway, nicolae_lair_lil_pond,
          minmay_lair_oklob_bushes, st_stairs_6, uniq_joseph

Skill      XL: |  1  2  3  4  5  6  7  8  9 10 11 |
---------------+----------------------------------+-----
Polearms       | 3 4 5 6 |  6.0
Fighting       | 3 4 5 6 7 9 |  9.0
Unarmed Combat | 1 2 3 5 7 9 |  9.0
Armour         | 3 5 7 |  7.0
Invocations    | 5 |  5.3
Maces & Flails | 2 |  2.0
Dodging        | 5 |  5.3
Evocations     | 3 5 |  5.0
Spellcasting   | 1 3 |  3.0
Conjurations   | 1 |  1.1
Throwing       | |  1.7

Action                   |  1- 3 |  4- 6 |  7- 9 | 10-12 || total
-------------------------+-------+-------+-------+-------++-------
Melee: Trident           |    96 |   116 |   150 |     3 ||   365
       Punch             |     1 |     2 |    10 |    17 ||    30
       Bite              |       |     4 |    25 |    37 ||    66
       Unarmed           |       |       |    60 |   135 ||   195
       Whip              |       |       |    33 |    83 ||   116
 Fire: Hunting sling     |    33 |    28 |   112 |    95 ||   268
Throw: Throwing net      |       |     2 |       |       ||     2
Invok: Draw Destruction  |       |       |     3 |     4 ||     7
       Draw Summoning    |       |       |       |     2 ||     2
       Draw Escape       |       |       |       |     1 ||     1
Evoke: Wand              |       |       |       |     8 ||     8
  Use: Scroll            |       |     3 |    12 |     8 ||    23
       Potion            |       |     2 |     1 |     1 ||     4
 Stab: Sleeping          |     1 |       |       |       ||     1
Armor: Leather armour    |    10 |       |       |       ||    10
       Ring mail         |    12 |    44 |       |       ||    56
       Chain mail        |       |     8 |   122 |    77 ||   207
Dodge: Dodged            |    39 |    49 |   129 |   147 ||   364

Table legend: (Time is in decaauts)
 A = Elapsed time spent in this place.
 B = Non-inter-level travel time spent in this place.
 C = Inter-level travel time spent in this place.
 D = Time resting spent in this place.
 E = Time spent auto-exploring this place.
 F = Levels seen in this place.
 G = Mean time per level.
                   A        B        C        D        E       F      G
               +--------+--------+--------+--------+--------+-----+--------+
         Total |  15225 |  14801 |    424 |   5960 |   6290 |  13 | 1171.2 |
       Dungeon |  14605 |  14188 |    417 |   5717 |   6290 |  10 | 1460.5 |
        Temple |     17 |     10 |      7 |      0 |      0 |   1 |   17.0 |
          Lair |     13 |     13 |      0 |      0 |      0 |   1 |   13.0 |
       Ossuary |    588 |    588 |      0 |    243 |      0 |   1 |  588.0 |
               +--------+--------+--------+--------+--------+-----+--------+

Top non-repeatable levels by time:
     D:8: 2463 daAuts
    D:10: 2009 daAuts
     D:5: 1557 daAuts
     D:4: 1547 daAuts
     D:3: 1319 daAuts
     D:9: 1288 daAuts
     D:7: 1246 daAuts
     D:1: 1238 daAuts
     D:2: 1125 daAuts
     D:6: 809 daAuts
 Ossuary: 588 daAuts
  Temple: 17 daAuts
  Lair:1: 13 daAuts
